 Dungeon Crawl Stone Soup version 0.23.2-40-g277498a001 (webtiles) character file.

Game seed: 4895004315645324181

565 OrcJesus the Skirmisher (level 7, -4/76 HPs)
             Began as an Ogre Berserker on Aug 25, 2019.
             Was a Priest of Trog.
             Slain by Sigmund
             ... wielding a +0 scythe
              (19 damage)
             ... on level 4 of the Dungeon.
             The game lasted 00:08:25 (3307 turns).

OrcJesus the Skirmisher (Ogre Berserker)            Turns: 3307, Time: 00:08:25

Health: -4/76      AC:  6    Str: 22    XL:     7   Next: 32%
Magic:  7/7        EV: 10    Int:  8    God:    Trog [***...]
Gold:   155        SH:  0    Dex: 10    Spells: 6/6 levels left

rFire    . . .     SeeInvis .   s - +0 giant spiked club
rCold    . . .     Gourm    .   (shield currently unavailable)
rNeg     . . .     Faith    .   b - +0 animal skin
rPois    .         Spirit   .   (helmet restricted)
rElec    .         Reflect  .   r - scarf {cloud immunity}
rCorr    .         Harm     .   (gloves unavailable)
MR       .....                  (boots unavailable)
Stlth    +.........             (no amulet)
HPRegen  0.22/turn              n - +3 ring of protection
MPRegen  0.10/turn              (no ring)

@: berserk cooldown, slowed, very slow
A: large, unfitting armour, tough skin 1
a: Berserk, Trog's Hand, Renounce Religion


You were on level 4 of the Dungeon.
You worshipped Trog.
Trog was most pleased with you.
You were very hungry.

You visited 1 branch of the dungeon, and saw 4 of its levels.

You collected 155 gold pieces.

Inventory:

Hand Weapons
 p - a +2 mace of protection
 s - a +0 giant spiked club (weapon)
Missiles
 m - a throwing net (quivered)
Armour
 b - a +0 animal skin (worn)
 r - a scarf of cloud immunity (worn)
Jewellery
 n - a +3 ring of protection (left hand)
Wands
 a - a wand of paralysis (4)
Scrolls
 e - a scroll of fear
 f - a scroll of amnesia
 i - 2 scrolls of immolation
 k - 4 scrolls of teleportation
 l - a scroll of fog {unknown}
Potions
 d - a potion of haste {unknown}
 g - a potion of curing
 h - 2 potions of heal wounds {unknown}
 j - a potion of agility {unknown}
 o - a potion of cancellation {unknown}
Comestibles
 c - 3 rations
 q - 5 chunks of flesh


   Skills:
 + Level 6.9 Fighting
 * Level 6.2 Maces & Flails
 - Level 1.0 Throwing
 - Level 2.6 Dodging


You had 6 spell levels left.
You didn't know any spells.
Your spell library contained the following spells:

 Spells                   Type           Power        Failure   Level  Hunger
 Confusing Touch          Hex            #.....       41%         1    ##.....
 Confuse                  Hex            #.......     78%         3    ####...
 Gell's Gravitas          Tloc           #.........   78%         3    ####...
 Petrify                  Tmut/Erth      #.......     99%         4    #####..
 Metabolic Englaciation   Hex/Ice        #.........   100%        5    ######.
 Yara's Violent Unravell  Hex/Tmut       #.........   100%        5    ######.


Dungeon Overview and Level Annotations

Branches:
Dungeon (4/15)
 Temple: D:4-7

Altars:

Annotations:
D:4 Sigmund


Innate Abilities, Weirdness & Mutations

You are too large for most types of armour.
You have tough skin. (AC +1)


Message History

Trog accepts your kill. Something hits you!
You completely miss the quokka.
The quokka bites you but does no damage.
You barely miss the quokka. Something hits you! The quokka bites you.
You miss the quokka.
The quokka bites you but does no damage.
Something hits you.
You impale the quokka!!
You kill the quokka!
Trog accepts your kill.
You are no longer berserk.
You are exhausted.
You feel yourself slow down. Something hits you!!
Things that are here:
a +0 leather armour; a quokka corpse You impale something!!
Something hits you!
* * * LOW HITPOINT WARNING * * *
You barely miss something. Something hits you!!
You die...

.# #......#
.########....# #....#
.##>.........# #....<
.##.....#....# #.... ###
.##.....#....# #... ....
.##.....#....# #.. ...#
........#....# #.##...##
.##.....#....####{.......
.##.............@........
.###....#...รท..##......#
####....###....##....###
........# #....##....#
........# #....##......
........# #....##........
.......# #....##........
.......# #....##........
.......# #....###.......


There were no monsters in sight!

Vanquished Creatures
  An ice beast (D:2)
  An ogre (D:4)
  A scorpion (D:4)
  A centaur skeleton (D:4)
  An orc wizard (D:3)
  2 iguanas (D:4)
  A worker ant (D:4)
  Robin (D:3)
  4 adders
  7 gnolls
  An ooze (D:4)
  2 dart slugs (D:1)
  3 leopard geckos
  5 orcs
  9 bats
  A giant cockroach (D:2)
  8 hobgoblins
  5 jackals (D:4)
  5 kobolds
  A quokka (D:4)
  2 frilled lizards (D:1)
  A giant cockroach zombie (D:4)
  17 goblins
  A jackal skeleton (D:4)
  10 rats
91 creatures vanquished.

Notes
Turn   | Place    | Note
-------+----------+-------------------------------------------
     0 | D:1      | OrcJesus the Ogre Berserker began the quest for the Orb.
     0 | D:1      | Reached XP level 1. HP: 24/24 MP: 1/1
   188 | D:1      | Reached XP level 2. HP: 32/32 MP: 2/2
   390 | D:1      | Reached XP level 3. HP: 28/40 MP: 3/3
   431 | D:1      | Reached ** piety under Trog
   928 | D:2      | Noticed an ice beast
   948 | D:2      | Killed an ice beast
   948 | D:2      | Reached skill level 5 in Fighting
   948 | D:2      | Reached XP level 4. HP: 50/50 MP: 4/4
   948 | D:2      | Reached XP level 5. HP: 57/57 MP: 5/5
  1823 | D:3      | Reached skill level 5 in Maces & Flails
  2004 | D:3      | Noticed Robin
  2016 | D:3      | Killed Robin
  2020 | D:3      | Reached XP level 6. HP: 67/67 MP: 6/6
  2573 | D:3      | Reached skill level 1 in Throwing
  3005 | D:4      | Reached *** piety under Trog
  3069 | D:4      | Reached XP level 7. HP: 66/76 MP: 7/7
  3286 | D:4      | Noticed Sigmund
  3307 | D:4      | Slain by Sigmund

Skill      XL: |  1  2  3  4  5  6  7 |
---------------+----------------------+-----
Maces & Flails | 3 4 5 6 |  6.2
Fighting       | 5 6 |  6.9
Throwing       | 1 |  1.0
Dodging        | |  2.6

Action                   |  1- 3 |  4- 6 |  7- 9 || total
-------------------------+-------+-------+-------++-------
Melee: Mace              |   115 |   142 |     8 ||   265
       Giant spiked club |       |       |    16 ||    16
Invok: Berserk           |     2 |     4 |     2 ||     8
       Trog's Hand       |       |     1 |       ||     1
  Use: Scroll            |     6 |     2 |       ||     8
  Eat: Chunk             |     1 |    12 |     1 ||    14
Armor: Animal skin       |    65 |    64 |     7 ||   136
Dodge: Dodged            |    82 |   105 |    11 ||   198
